 Dungeon Crawl Stone Soup version 0.23-a0-183-gf37f6fb (webtiles) character file.

15572 mandick the Blocker (level 12, -6/97 HPs)
             Began as a Gnoll Fighter on Sept 23, 2018.
             Was a High Priest of Cheibriados.
             Splashed by an oklob plant's acid (16 damage)
             ... on level 11 of the Dungeon.
             The game lasted 00:50:10 (12767 turns).

mandick the Blocker (Gnoll Fighter)                Turns: 12767, Time: 00:50:11

Health: -6/97      AC:  7    Str: 37    XL:     12   Next: 28%
Magic:  22/22      EV: 15    Int: 26    God:    Cheibriados [*****.]
Gold:   1075       SH:  3    Dex: 28    Spells: 25/25 levels left

rFire    + . .     SeeInvis .   y - +11 plutonium sword {*Contam Stlth-}
rCold    . . .     Gourm    .   (shield currently unavailable)
rNeg     . . .     Faith    .   s - -1 plate armour (curse)
rPois    +         Spirit   .   b - +2 helmet
rElec    .         Reflect  +   n - +0 cloak
rCorr    .         Harm     .   (no gloves)
MR       .....                  T - +0 pair of boots (curse)
Stlth    ..........             q - +3 amulet of reflection
HPRegen  0.26/turn              D - ring of protection from fire
MPRegen  0.18/turn              O - ring of poison resistance

@: corroded, very slow
A: distributed training, fangs 1, strong nose
a: Bend Time, Temporal Distortion, Slouch, Step From Time, Renounce Religion


You were on level 11 of the Dungeon.
You worshipped Cheibriados.
Cheibriados was extremely pleased with you.
You were not hungry.

You visited 2 branches of the dungeon, and saw 12 of its levels.
You also visited: Sewer and Ossuary.

You collected 1075 gold pieces.

Inventory:

Hand Weapons
 a - a +0 war axe
 k - a +2 dagger of electrocution
 r - the +3 mace of Jujatusi {drain, rF+ Str+4}
   (You found it in a sewer)

   A truly terrible weapon, it drains the life of those it strikes.
   It affects your strength (+4).
   It protects you from fire.
 y - the +11 plutonium sword (weapon) {*Contam Stlth-}
   (You found it on level 4 of the Dungeon)

   It causes magical contamination when unequipped.
   It makes you less stealthy.
 U - a +0 blowgun
Missiles
 z - 3 needles of paralysis
 A - 8 tomahawks
 B - 89 poisoned needles
 J - 7 curare-tipped needles
 N - 3 javelins of returning (quivered)
Armour
 b - a +2 helmet (worn)
 c - a +0 shield
 j - a +1 leather armour of magic resistance
 n - a +0 cloak (worn)
 s - a cursed -1 plate armour (worn)
 R - the +2 chain mail of the Unseen Realm {rF+ rC+}
   (You found it on level 8 of the Dungeon)

   It protects you from fire.
   It protects you from cold.
 S - a +2 leather armour of cold resistance
 T - a cursed +0 pair of boots (worn)
Magical Staves
 M - an uncursed staff of wizardry {unknown}
 V - an uncursed staff of earth {unknown}
Jewellery
 l - an uncursed ring of ice
 q - a +3 amulet of reflection (around neck)
 D - a ring of protection from fire (left hand)
 L - a cursed ring of attention {unknown}
 O - a ring of poison resistance (right hand)
Wands
 m - a wand of iceblast (4)
 C - a wand of digging (17)
 H - a wand of flame (18)
Scrolls
 h - 2 scrolls of amnesia
 t - 6 scrolls of magic mapping
 u - 11 scrolls of teleportation
 v - 3 scrolls of fog
 w - 2 scrolls of identify
 E - 2 scrolls of immolation
 F - a scroll of fear
 G - 2 scrolls of enchant weapon
Potions
 d - 3 potions of might
 e - 3 potions of curing
 g - 2 potions of mutation
 i - 2 potions of brilliance
 p - 6 potions of haste
 x - a potion of magic
 I - a potion of invisibility
 K - 3 potions of lignification
 W - 2 potions of agility
Comestibles
 f - 22 rations


   Skills:
 + Level 9.6 Fighting
 + Level 7.0 Short Blades
 + Level 7.0 Long Blades
 + Level 8.5 Axes
 + Level 7.0 Maces & Flails
 + Level 7.0 Polearms
 + Level 7.0 Staves
 + Level 7.0 Slings
 + Level 7.0 Bows
 + Level 7.0 Crossbows
 + Level 7.0 Throwing
 + Level 9.6 Armour
 + Level 7.0 Dodging
 + Level 7.0 Stealth
 + Level 9.6 Shields
 + Level 7.0 Unarmed Combat
 + Level 7.0 Spellcasting
 + Level 5.8 Conjurations
 + Level 5.8 Hexes
 + Level 5.8 Charms
 + Level 5.8 Summonings
 + Level 5.8 Necromancy
 + Level 5.8 Translocations
 + Level 5.8 Transmutations
 + Level 5.8 Fire Magic
 + Level 5.8 Ice Magic
 + Level 5.8 Air Magic
 + Level 5.8 Earth Magic
 + Level 5.8 Poison Magic
 + Level 7.7 Invocations
 + Level 7.0 Evocations


You had 25 spell levels left.
You didn't know any spells.
Your spell library contained the following spells:

 Spells                   Type           Power        Failure   Level  Hunger
 Corona                   Hex            #####..      3%          1    None
 Slow                     Hex            #####...     4%          2    None
 Inner Flame              Hex/Fire       #####...     9%          3    None
 Portal Projectile        Hex/Tloc       #####.       9%          3    None
 Cause Fear               Hex            #####.....   28%         4    ###....
 Leda's Liquefaction      Hex/Erth       #####.....   28%         4    ###....


Dungeon Overview and Level Annotations

Branches:
Dungeon (11/15)            Temple (1/1) D:6            Lair (0/6) D:11
    Orc (0/2) D:10

Altars:
Cheibriados
Fedhas
Gozag
Hepliaklqana
Kikubaaqudgha
Makhleb
Nemelex Xobeh
Qazlal
Trog
Vehumet
Xom
The Shining One

Shops:
D:6 (   D:9 (   D:11 [

Annotations:
D:11 exclusion: oklob plant


Innate Abilities, Weirdness & Mutations

Your experience applies equally to all skills.
You have very sharp teeth.
Your uncanny sense of smell can sniff out nearby items.


Message History

* * * LOW HITPOINT WARNING * * *
You feel better.
You feel better. The oklob plant spits acid at you.
The splash of acid hits you!
* * * LOW HITPOINT WARNING * * *
You are splashed with acid!
The acid burns!
* * * LOW HITPOINT WARNING * * *
You feel better.
You slash the oklob plant!
The oklob plant is moderately damaged.
You slash the oklob plant!
The oklob plant is heavily damaged.
You completely miss the oklob plant.
The oklob plant is heavily damaged.
The oklob plant spits acid at you. The splash of acid hits you!
* * * LOW HITPOINT WARNING * * *
The acid corrodes you!
You are splashed with acid!
The acid burns!
You die...

#.#.#.#...#
#.#.#.########
###.#.#.(.......
......##########
.#######).....
...≈...#...## #########
.. #...#.....# #......#.
..##...##....# #.####.#.
#..(....@.#..# #...##.#.
#≈...>.P.≈#..# ###......
.........#..######.....#
.##..P##(...)))).)((...#
...#...#....########....#
#...≈...#...............
..#######...#.###########
#...###.####.###...
##............##.##


You could see an oklob plant.

Vanquished Creatures
  Josephine (D:10)
  Harold (D:11)
  A hydra (D:11)
  A two-headed ogre (D:11)
  Urug (D:10)
  An orc knight (D:10)
  A manticore (D:8)
  An oklob plant (D:11)
  2 cyclopes (D:11)
  2 kobold demonologists (D:11)
  2 hippogriffs (D:10)
  Sigmund (D:3)
  8 yaks
  A shadow (D:10)
  A vampire (D:10)
  5 wraiths (D:10)
  3 hogs (D:7)
  A human (D:7)
  A basilisk (D:11)
  A steam dragon (D:11)
  A water moccasin (D:11)
  An ice beast (D:9)
  2 black bears
  3 orc warriors
  A phantom (D:7)
  4 ogres
  2 centaurs
  2 big kobolds
  11 bullfrogs
  A wyvern skeleton (D:6)
  8 scorpions
  A water moccasin skeleton (D:9)
  18 killer bees
  6 wights (D:10)
  3 howler monkeys (D:11)
  2 centaur zombies
  7 crimson imps
  A quasit (D:8)
  A bullfrog zombie (D:10)
  8 hounds
  9 orc priests
  A bullfrog skeleton (D:9)
  A jelly (D:7)
  2 centaur skeletons
  3 iguanas
  2 human zombies (Ossuary)
  Ijyb (D:5)
  15 orc wizards
  7 worker ants
  A hound zombie (D:5)
  A hound skeleton (D:4)
  3 mummies
  8 gnolls
  A worker ant zombie (D:10)
  18 adders
  2 river rats (Sewer)
  4 shadow imps
  An adder skeleton (D:4)
  3 worms
  A dart slug (D:1)
  9 leopard geckos
  43 orcs
  14 ball pythons
  4 bats
  6 giant cockroaches
  8 goblins
  9 hobgoblins
  5 jackals
  18 kobolds
  9 quokkas
  4 frilled lizards
  6 gnoll zombies (Ossuary)
  A goblin zombie (Ossuary)
  2 hobgoblin zombies (Ossuary)
  2 orc zombies (Ossuary)
  A quokka skeleton (D:8)
  29 rats
373 creatures vanquished.

Vanquished Creatures (others)
  A scorpion (D:4)
  A hound (D:4)
  2 worker ants (D:4)
  An orc wizard (D:4)
  2 adders (D:4)
  A leopard gecko skeleton (D:4)
  12 plants (D:11)
20 creatures vanquished.

Grand Total: 393 creatures vanquished

Notes
Turn   | Place    | Note
-------+----------+-------------------------------------------
     0 | D:1      | mandick the Gnoll Fighter began the quest for the Orb.
     0 | D:1      | Reached XP level 1. HP: 23/23 MP: 1/1
   454 | D:1      | Reached XP level 2. HP: 24/29 MP: 2/2
  1141 | D:2      | Reached XP level 3. HP: 31/35 MP: 3/3
  1372 | D:2      | Found a sparkling altar of Nemelex Xobeh.
  1404 | D:2      | Reached skill level 1 in Short Blades
  1404 | D:2      | Reached skill level 1 in Long Blades
  1404 | D:2      | Reached skill level 1 in Maces & Flails
  1404 | D:2      | Reached skill level 1 in Polearms
  1404 | D:2      | Reached skill level 1 in Staves
  1404 | D:2      | Reached skill level 1 in Slings
  1404 | D:2      | Reached skill level 1 in Bows
  1404 | D:2      | Reached skill level 1 in Crossbows
  1404 | D:2      | Reached skill level 1 in Throwing
  1404 | D:2      | Reached skill level 1 in Dodging
  1404 | D:2      | Reached skill level 1 in Stealth
  1404 | D:2      | Reached skill level 1 in Unarmed Combat
  1404 | D:2      | Reached skill level 1 in Spellcasting
  1404 | D:2      | Reached skill level 1 in Invocations
  1404 | D:2      | Reached skill level 1 in Evocations
  1404 | D:2      | Reached XP level 4. HP: 25/41 MP: 5/5
  1566 | D:2      | Found a shimmering altar of Xom.
  1567 | D:2      | Found a hazy altar of Hepliaklqana.
  1568 | D:2      | Noticed a spectral ugly thing
  1601 | D:2      | Found an ancient bone altar of Kikubaaqudgha.
  1745 | D:3      | Found a blossoming altar of Fedhas.
  1751 | D:3      | Found a glowing golden altar of the Shining One.
  1968 | D:3      | Reached skill level 1 in Conjurations
  1968 | D:3      | Reached skill level 1 in Hexes
  1968 | D:3      | Reached skill level 1 in Charms
  1968 | D:3      | Reached skill level 1 in Summonings
  1968 | D:3      | Reached skill level 1 in Necromancy
  1968 | D:3      | Reached skill level 1 in Translocations
  1968 | D:3      | Reached skill level 1 in Transmutations
  1968 | D:3      | Reached skill level 1 in Fire Magic
  1968 | D:3      | Reached skill level 1 in Ice Magic
  1968 | D:3      | Reached skill level 1 in Air Magic
  1968 | D:3      | Reached skill level 1 in Earth Magic
  1968 | D:3      | Reached skill level 1 in Poison Magic
  2085 | D:3      | Noticed Sigmund
  2369 | D:3      | Reached XP level 5. HP: 47/47 MP: 6/6
  2644 | D:3      | Killed Sigmund
  2644 | D:3      | Reached XP level 6. HP: 41/53 MP: 6/8
  2875 | D:4      | Found a glowing drain.
  2886 | D:4      | Reached skill level 5 in Axes
  2924 | Sewer    | Entered a sewer
  3205 | Sewer    | Got a slimy mace
  3213 | Sewer    | Identified the +3 mace of Jujatusi {drain, rF+ Str+4} (You
                  | found it in a sewer)
  3312 | Sewer    | Reached XP level 7. HP: 27/59 MP: 10/10
  3651 | D:4      | Found a shimmering altar of Xom.
  3802 | D:4      | Found the +11 plutonium sword {*Contam Stlth-}
  4077 | D:5      | Entered Level 5 of the Dungeon
  4105 | D:5      | Noticed Ijyb
  4120 | D:5      | Killed Ijyb
  4236 | D:5      | Reached XP level 8. HP: 67/67 MP: 12/12
  5126 | D:6      | Found Tizxewn's Weapon Emporium.
  5813 | D:6      | Found a staircase to the Ecumenical Temple.
  5822 | Temple   | Entered the Ecumenical Temple
  5873 | Temple   | Became a worshipper of Cheibriados the Contemplative
  5986 | D:7      | Found a sand-covered staircase.
  6000 | Ossuary  | Entered an ossuary
  6038 | Ossuary  | Reached XP level 9. HP: 61/72 MP: 14/14
  6177 | D:7      | Reached * piety under Cheibriados
  6484 | D:7      | Found a radiant altar of Vehumet.
  6485 | D:7      | Found a burning altar of Makhleb.
  6583 | D:7      | Found a stormy altar of Qazlal.
  6687 | D:7      | Reached skill level 5 in Invocations
  7128 | D:8      | Reached ** piety under Cheibriados
  7190 | D:8      | Reached XP level 10. HP: 76/80 MP: 17/17
  7270 | D:8      | Got a smoking chain mail
  7281 | D:8      | Identified the +2 chain mail of the Unseen Realm {rF+ rC+}
                  | (You found it on level 8 of the Dungeon)
  7284 | D:8      | Noticed a manticore
  7300 | D:8      | Killed a manticore
  7835 | D:9      | Reached skill level 5 in Short Blades
  7835 | D:9      | Reached skill level 5 in Long Blades
  7835 | D:9      | Reached skill level 5 in Maces & Flails
  7835 | D:9      | Reached skill level 5 in Polearms
  7835 | D:9      | Reached skill level 5 in Staves
  7835 | D:9      | Reached skill level 5 in Slings
  7835 | D:9      | Reached skill level 5 in Bows
  7835 | D:9      | Reached skill level 5 in Crossbows
  7835 | D:9      | Reached skill level 5 in Throwing
  7835 | D:9      | Reached skill level 5 in Dodging
  7835 | D:9      | Reached skill level 5 in Stealth
  7835 | D:9      | Reached skill level 5 in Unarmed Combat
  7835 | D:9      | Reached skill level 5 in Spellcasting
  7835 | D:9      | Reached skill level 5 in Evocations
  7931 | D:9      | Reached *** piety under Cheibriados
  8503 | D:9      | Found Furuast's Antique Weapon Emporium.
  8794 | D:9      | Reached **** piety under Cheibriados
  9228 | D:10     | Entered Level 10 of the Dungeon
  9234 | D:10     | Found a staircase to the Orcish Mines.
  9387 | D:10     | Noticed Urug
  9392 | D:10     | Killed Urug
  9694 | D:10     | Noticed Josephine
  9703 | D:10     | Killed Josephine
  9703 | D:10     | Reached XP level 11. HP: 35/87 MP: 19/19
 10098 | D:10     | Reached skill level 5 in Conjurations
 10098 | D:10     | Reached skill level 5 in Hexes
 10098 | D:10     | Reached skill level 5 in Charms
 10098 | D:10     | Reached skill level 5 in Summonings
 10098 | D:10     | Reached skill level 5 in Necromancy
 10098 | D:10     | Reached skill level 5 in Translocations
 10098 | D:10     | Reached skill level 5 in Transmutations
 10098 | D:10     | Reached skill level 5 in Fire Magic
 10098 | D:10     | Reached skill level 5 in Ice Magic
 10098 | D:10     | Reached skill level 5 in Air Magic
 10098 | D:10     | Reached skill level 5 in Earth Magic
 10098 | D:10     | Reached skill level 5 in Poison Magic
 10222 | D:10     | Noticed an orc knight
 10228 | D:10     | Killed an orc knight
 11170 | D:11     | Noticed a cyclops
 11175 | D:11     | Killed a cyclops
 11183 | D:11     | Noticed a sixfirhy
 11589 | D:11     | Noticed a cyclops
 11590 | D:11     | Noticed a two-headed ogre
 11592 | D:11     | Killed a cyclops
 11592 | D:11     | Noticed a six-headed hydra
 11595 | D:11     | Killed a two-headed ogre
 11595 | D:11     | Reached ***** piety under Cheibriados
 11597 | D:11     | Killed a seven-headed hydra
 11860 | D:11     | Reached XP level 12. HP: 72/96 MP: 20/22
 11872 | D:11     | Found Baupn's Antique Armour Emporium.
 12063 | D:11     | Noticed Harold
 12072 | D:11     | Killed Harold
 12660 | D:11     | Found a staircase to the Lair.
 12767 | D:11     | Splashed by an oklob plant's acid

Vault maps used:
D:1:      erik_arrival_cave_to_civilisation
D:2:      lemuel_round_altar, nicolae_overflow_hidden_temple,
          regret_index_temple_of_mockery, first_ration
D:3:      chequers_temple_overflow_statue_of_worship, uniq_sigmund
D:4:      portal_sewer_entry_f, xom_confusion_cloud
D:5:      cheibrodos_fzero, uniq_ijyb
D:6:      lemuel_temple_firewalk_b, serial_shops, shop
D:7:      grunt_qazlal_sundering, grunt_temple_overflow_lords_of_destruction,
          gup_ossuary_entry_pyramid, corexii_checkpoint_b, grunt_livestock,
          grunt_ministairs_14
D:9:      serial_shops, shop
D:10:     orc_david_3, minmay_item_behind_shaft, minmay_checkerbox, uniq_urug,
          uniq_josephine
D:11:     dpeg_oklobed_lair, serial_shops, nicolae_shop_overgrown_old_shop,
          uniq_harold
Temple:   nicolae_temple_figure_eight
Sewer:    sewer_minmay_w
Ossuary:  minmay_ossuary_gauntlet

Skill      XL: |  1  2  3  4  5  6  7  8  9 10 11 12 |
---------------+-------------------------------------+-----
Short Blades   | 1 2 3 4 5 6 7 |  7.0
Long Blades    | 1 2 3 4 5 6 7 |  7.0
Maces & Flails | 1 2 3 4 5 6 7 |  7.0
Polearms       | 1 2 3 4 5 6 7 |  7.0
Staves         | 1 2 3 4 5 6 7 |  7.0
Slings         | 1 2 3 4 5 6 7 |  7.0
Bows           | 1 2 3 4 5 6 7 |  7.0
Crossbows      | 1 2 3 4 5 6 7 |  7.0
Throwing       | 1 2 3 4 5 6 7 |  7.0
Dodging        | 1 2 3 4 5 6 7 |  7.0
Stealth        | 1 2 3 4 5 6 7 |  7.0
Unarmed Combat | 1 2 3 4 5 6 7 |  7.0
Spellcasting   | 1 2 3 4 5 6 7 |  7.0
Invocations    | 1 2 3 4 5 6 7 |  7.7
Evocations     | 1 2 3 4 5 6 7 |  7.0
Conjurations   | 1 2 3 4 5 |  5.8
Hexes          | 1 2 3 4 5 |  5.8
Charms         | 1 2 3 4 5 |  5.8
Summonings     | 1 2 3 4 5 |  5.8
Necromancy     | 1 2 3 4 5 |  5.8
Translocations | 1 2 3 4 5 |  5.8
Transmutations | 1 2 3 4 5 |  5.8
Fire Magic     | 1 2 3 4 5 |  5.8
Ice Magic      | 1 2 3 4 5 |  5.8
Air Magic      | 1 2 3 4 5 |  5.8
Earth Magic    | 1 2 3 4 5 |  5.8
Poison Magic   | 1 2 3 4 5 |  5.8
Axes           | 5 6 7 8 |  8.5
Fighting       | 7 8 9 |  9.6
Armour         | 7 8 9 |  9.6
Shields        | 7 8 9 |  9.6

Action                   |  1- 3 |  4- 6 |  7- 9 | 10-12 || total
-------------------------+-------+-------+-------+-------++-------
Melee: War axe           |    62 |    12 |   418 |   182 ||   674
       Bite              |     7 |    14 |    66 |    63 ||   150
       Dagger            |       |   172 |       |       ||   172
       Mace              |       |    37 |       |       ||    37
       Triple sword      |       |       |       |   171 ||   171
Throw: Tomahawk          |       |       |    14 |    25 ||    39
       Throwing net      |       |       |     1 |       ||     1
       Javelin           |       |       |       |    14 ||    14
Invok: Bend Time         |       |       |     2 |       ||     2
       Slouch            |       |       |       |     2 ||     2
Evoke: Wand              |       |       |     5 |       ||     5
  Use: Scroll            |     2 |     4 |     1 |    18 ||    25
       Potion            |       |       |     3 |     5 ||     8
 Stab: Sleeping          |     2 |     2 |     8 |       ||    12
  Eat: Chunk             |     1 |     7 |     9 |     5 ||    22
       Ration            |       |       |     1 |     1 ||     2
Armor: Leather armour    |    15 |     3 |   111 |     1 ||   130
       Scale mail        |     2 |    74 |     1 |       ||    77
       Chain mail        |       |       |       |   107 ||   107
       Plate armour      |       |       |       |   106 ||   106
Dodge: Dodged            |    19 |    83 |   178 |   214 ||   494
Block: Shield            |    45 |   166 |   327 |   207 ||   745
       Reflection        |       |       |     5 |    15 ||    20
       Other             |       |       |       |    15 ||    15
       Rpst.: Triple sword |       |       |       |    43 ||    43

Table legend:
 A = Non-vault XP
 B = Vault XP
 C = Vault XP percentage of total XP
 D = Non-vault monster count
 E = Vault monster count
 F = Vault count percentage of total count
                 A         B        C        D         E       F
            +---------+---------+-------+---------+---------+-------
      Total |   14655 |    7591 |  34.1 |     263 |     110 |  29.5
            +---------+---------+-------+---------+---------+-------
        D:1 |      15 |       0 |   0.0 |       7 |       0 |   0.0
        D:2 |      83 |       0 |   0.0 |      16 |       0 |   0.0
        D:3 |      75 |     227 |  75.2 |      22 |       1 |   4.3
        D:4 |     333 |      15 |   4.3 |      23 |       6 |  20.7
        D:5 |     341 |     254 |  42.7 |      13 |       9 |  40.9
        D:6 |     576 |       0 |   0.0 |      18 |       0 |   0.0
        D:7 |     820 |    1130 |  57.9 |      20 |      14 |  41.2
        D:8 |    1013 |       0 |   0.0 |      16 |       0 |   0.0
        D:9 |    1680 |       0 |   0.0 |      45 |       0 |   0.0
       D:10 |    3610 |    3907 |  52.0 |      33 |      14 |  29.8
       D:11 |    6109 |    1545 |  20.2 |      50 |       2 |   3.8
      Sewer |       0 |     333 | 100.0 |       0 |      48 | 100.0
    Ossuary |       0 |     180 | 100.0 |       0 |      16 | 100.0
            +---------+---------+-------+---------+---------+-------
